 Dungeon Crawl Stone Soup version 0.31-a0-358-gac0dbeb3ab (webtiles) character file.

Game seed: 4305998234045873941

427 Dordric the Ruffian (level 6, 0/54 HPs)
             Began as a Troll Shapeshifter on July 26, 2023.
             Slain by a killer bee (1 damage)
             ... on level 3 of the Dungeon.
             The game lasted 00:02:35 (3038 turns).

Dordric the Ruffian (Troll Shapeshifter)            Turns: 3038, Time: 00:02:36

Health: 0/54       AC:  5    Str: 24    XL:     6   Next: 65%
Magic:  5/5        EV: 10    Int:  4    God:
Gold:   207        SH:  0    Dex: 18    Spells: 5/5 levels left

rFire   . .          .
                       - Unarmed
rCold   . . .        (no shield)
rNeg    . . .        a - +1 animal skin
rPois   .            (helmet currently unavailable)
rElec   .            (cloak currently unavailable)
rCorr   .            (gloves unavailable)
SInv    .            (boots unavailable)
Will    .....        (no amulet)
Stlth   ++           g - +6 ring of dexterity
HPRegen 1.09/turn    (no ring)
MPRegen 0.09/turn

%: no passive effects
@: lethally poisoned (0 -> -7), beast-form
A: beast (slay +3), large, unfitting armour, claws 3, regeneration 1, shaggy fur
1, tough skin 1
a: Begin Untransformation


You were on level 3 of the Dungeon.
You were a hulking beast.
You visited 1 branch of the dungeon, and saw 4 of its levels.

You collected 207 gold pieces.

Inventory:

Armour
 a - a +1 animal skin (worn)
Jewellery
 g - a +6 ring of dexterity (left claw)
Talismans
 c - a beast talisman
Scrolls
 d - a scroll of enchant armour
 f - a scroll of enchant weapon
Potions
 i - a potion of degeneration {unknown}
 j - a potion of haste {unknown}
 k - a potion of ambrosia {unknown}
 l - a potion of brilliance {unknown}


   Skills:
 - Level 0.7 Fighting
 - Level 1.5 Dodging
 + Level 5.7 Unarmed Combat
 + Level 5.1 Shapeshifting


You had 5 spell levels left.
You didn't know any spells.
Your spell library contained the following spells:

 Spells                   Type           Power      Damage    Failure   Level
 Kiss of Death            Conj/Necr      0%         2d5       50%         1
 Call Canine Familiar     Summ           0%         N/A       86%         3
 Confusing Touch          Hex            0%         N/A       86%         3
 Portal Projectile        Hex/Tloc       0%         N/A       86%         3
 Dispel Undead            Necr           0%         3d6       99%         4
 Leda's Liquefaction      Hex/Erth       0%         N/A       99%         4


Dungeon Overview and Level Annotations

Branches:
Dungeon (4/15)
 Temple: D:4-7

Altars:
Nemelex Xobeh
Xom

Shops:
D:3 (


Innate Abilities, Weirdness & Mutations

You are a hulking beast.
Your limbs bulge with bestial killing power. (Slay +3)
You are too large for most types of armour.
You have claws for hands.
Your natural rate of healing is unusually fast.
You are covered in fur. (AC +1)
You have tough skin. (AC +1)


Message History

The killer bee is heavily wounded.
You feel very sick. The killer bee barely misses you.
The killer bee stings you. x2
The killer bee stings you but does no damage.
You are too injured to fight recklessly!
You are too injured to fight recklessly!
You are too injured to fight recklessly!
You are too injured to fight recklessly!
You are too injured to fight recklessly!
You are too injured to fight recklessly!
You are too injured to fight recklessly!
You are too injured to fight recklessly!
You are too injured to fight recklessly!
You are too injured to fight recklessly!
You are too injured to fight recklessly!
You are too injured to fight recklessly!
You are too injured to fight recklessly!
You are too injured to fight recklessly!
You miss the killer bee.
The killer bee is heavily wounded.
You feel sick. The killer bee stings you.
You are more poisoned.
The killer bee poisons you! The killer bee completely misses you.
You scratch the killer bee but do no damage.
The killer bee is heavily wounded.
You feel very sick. The killer bee stings you.
* * * LOW HITPOINT WARNING * * *
You are more poisoned.
The killer bee poisons you! The killer bee closely misses you.
The killer bee stings you but does no damage.
The killer bee barely misses you.
You miss the killer bee.
The killer bee is heavily wounded.
* * * LOW HITPOINT WARNING * * *
You feel very sick.
The killer bee closely misses you. x2; The killer bee stings you!
* * * LOW HITPOINT WARNING * * *
The killer bee stings you.
You die...

#......#####.##########.....#####
#.........#..........†...........
#......##....'#######............
#.#.#...#...#..# #.##.##.#....
#.....#.....#..# ##############
#...#......##..# ##8###8# #.....
#####.....##...##8...8...8###.###
#....##....##.........###.#
#...##.....#hy........_#..#
#..##....####y........#####
#.##....#####8...8...8##
#.#....## ##8###8# #.#....#### ##
# #>...)....# ##..#####.##
##.#####..# #....###.# ##


You could see 2 killer bees.

Vanquished Creatures
  A phantom (D:4)
  2 jellies (D:4)
  An orc priest (D:4)
  A hound (D:4)
  Natasha (twice) (D:2)
  3 orc wizards (D:4)
  3 adders
  3 worms
  A dart slug (D:2)
  4 orcs (D:4)
  5 endoplasms
  4 giant cockroaches
  7 goblins
  9 hobgoblins
  3 jackals (D:3)
  12 kobolds
  3 quokkas
  12 ball pythons
  5 bats
  3 frilled lizards
  3 rats (D:1)
87 creatures vanquished.

Notes
Turn   | Place    | Note
-------+----------+-------------------------------------------
     0 | D:1      | Dordric the Troll Shapeshifter began the quest for the Orb.
     0 | D:1      | Reached XP level 1. HP: 18/18 MP: 0/0
   171 | D:1      | Reached XP level 2. HP: 21/26 MP: 1/1
   508 | D:1      | Found a faded altar of an unknown god.
   866 | D:2      | Reached XP level 3. HP: 26/32 MP: 2/2
  1318 | D:2      | Noticed Natasha
  1322 | D:2      | Killed Natasha
  1323 | D:2      | Reached XP level 4. HP: 40/40 MP: 3/3
  1457 | D:2      | Noticed Natasha
  1472 | D:2      | Killed Natasha
  1932 | D:3      | Identified the +0 robe "Nirhat" {rC+ Str-5 Dex+4 Stlth+}
  1996 | D:3      | Found a sparkling altar of Nemelex Xobeh.
  2056 | D:3      | Found a faded altar of an unknown god.
  2059 | D:3      | Found a shimmering altar of Xom.
  2091 | D:3      | Found Wyipojue's Antique Weapon Emporium.
  2446 | D:4      | Reached XP level 5. HP: 36/46 MP: 4/4
  2457 | D:4      | Noticed a phantom
  2478 | D:4      | Killed a phantom
  2479 | D:4      | Reached skill level 5 in Unarmed Combat
  2479 | D:4      | Reached XP level 6. HP: 32/54 MP: 5/5
  2656 | D:4      | Reached skill level 5 in Shapeshifting
  3038 | D:3      | HP: 1/54 [killer bee (8)]
  3038 | D:3      | Slain by a killer bee

Illustrated notes

Levels and vault maps discovered:
D:1:      lightli_arrival_boilingwater, layout_loops_ring,
          shapermc_ecumenical_altar_mp_highgroup, minmay_cut_off
D:2:      layout_loops_ring, st_stairs_12, grunt_ministairs_11,
          kennysheep_generic_room_3, uniq_natasha
D:3:      layout_basic, nicolae_overflow_hidden_temple,
          nicolae_overflow_ecumenical_swirl, serial_shops,
          nicolae_shop_gibbet_a_chance, fountainhead, nrook_mini_backslash,
          uniq_crazy_yiuf_cottage
D:4:      minmay_general_purpose_star, layout_basic, grunt_ministairs_12,
          corexii_item_surrounded_by_moat

Skill      XL: |  1  2  3  4  5  6 |
---------------+-------------------+-----
Unarmed Combat | 4 5 |  5.7
Shapeshifting  | 4 5 |  5.1
Fighting       | |  0.7
Dodging        | |  1.5

Action                     |  1- 3 |  4- 6 || total
---------------------------+-------+-------++-------
  Melee: Unarmed           |    96 |    97 ||   193
         Punch             |     2 |     1 ||     3
    Use: Potion            |       |     1 ||     1
         Scroll            |       |     4 ||     4
   Stab: Sleeping          |     4 |     2 ||     6
 Armour: Animal skin       |    25 |    24 ||    49
         Skin              |       |    17 ||    17
  Dodge: Dodged            |    27 |    45 ||    72

Table legend: (Time is in decaauts)
 A = Elapsed time spent in this place.
 B = Non-inter-level travel time spent in this place.
 C = Inter-level travel time spent in this place.
 D = Time resting spent in this place.
 E = Time spent auto-exploring this place.
 F = Levels seen in this place.
 G = Mean time per level.
                   A        B        C        D        E       F      G
               +--------+--------+--------+--------+--------+-----+--------+
         Total |   3022 |   2958 |     64 |    204 |   2261 |   4 |  755.5 |
       Dungeon |   3022 |   2958 |     64 |    204 |   2261 |   4 |  755.5 |
               +--------+--------+--------+--------+--------+-----+--------+

Top non-repeatable levels by time:
     D:3: 1070 daAuts
     D:2: 761 daAuts
     D:1: 750 daAuts
     D:4: 439 daAuts
